 Dungeon Crawl Stone Soup version 0.12.1-11-g970af5d (console) character file.

11885 Elynae the Thaumaturge (level 11, 0/56 HPs)
             Began as a Tengu Wanderer on May 11, 2013.
             Was the Champion of Sif Muna.
             Slain by a griffon (1 damage)
             ... on Level 11 of the Dungeon.
             The game lasted 00:43:09 (20681 turns).

Elynae the Thaumaturge (Tengu Wanderer)            Turns: 20681, Time: 00:43:09

HP   0/56        AC  9     Str 14      XL: 11   Next: 73%
MP   5/31        EV 16     Int 15      God: Sif Muna [******]
Gold 708         SH  0     Dex 13      Spells:  6 memorised, 23 levels left

Res.Fire  : . . .   See Invis. : +   p - +1,+2 scythe (distort)
Res.Cold  : . . .   Warding    : .   F - +2 elf robe {MR}
Life Prot.: . . .   Conserve   : +   (no shield)
Res.Poison: .       Res.Corr.  : .   q - +2 wizard hat
Res.Elec. : .       Clarity    : .   u - +2 dwarf cloak
Sust.Abil.: + .     Spirit.Shd : .   (no gloves)
Res.Mut.  : .       Stasis     : .   (boots unavailable)
Res.Rott. : .       Ctrl.Telep.: .   K - amulet of conservation
Saprovore : . . .   Flight     : .   A - cursed ring of sustain abilities
                                     k - ring of see invisible

@: about to teleport, quite resistant to hostile enchantments, fairly stealthy
A: able to fly, beak, talons 3
a: Fly, Channel Energy, Forget Spell, Renounce Religion


You were on level 11 of the Dungeon.
You worshipped Sif Muna.
Sif Muna was exalted by your worship.
You were not hungry.

You visited 2 branches of the dungeon, and saw 12 of its levels.

You collected 658 gold pieces.

Inventory:

Hand weapons
 c - a +0,+0 dagger (quivered)
 g - a cursed +0,+0 orcish dagger
 o - a +0,+0 spear
 p - a +1,+2 scythe of distortion (weapon)
 w - a +0,+2 flail of holy wrath
 B - a cursed -3,-2 elven dagger
 N - a +0 orcish blowgun
Missiles
 O - 6 curare-tipped needles
Armour
 q - a +2 wizard hat (worn)
 u - a +2 dwarven cloak (worn)
 F - a +2 elven robe of magic resistance (worn)
Magical devices
 h - a wand of flame (0)
 l - a wand of cold (4)
 D - a wand of fireball (1)
 H - a wand of slowing (4)
 I - a wand of random effects (14)
 L - a wand of flame (17)
Comestibles
 d - 3 bread rations
 i - a meat ration
 Q - 3 chunks of two-headed ogre flesh
Scrolls
 b - a scroll of teleportation
 j - a scroll of magic mapping
 E - a scroll of remove curse
 J - a scroll of identify
 M - a scroll of amnesia {unknown}
Jewellery
 k - a ring of see invisible (left hand)
 n - a +4 ring of dexterity {unknown}
 y - the cursed ring "Throasab" {+Rage +Inv rF- rN+ EV-2 Dam-3}
   (You found it on level 10 of the Dungeon)

   [ring of evasion]

   It affects your evasion (-2).
   It affects your damage-dealing abilities (-3).
   It makes you vulnerable to fire.
   It protects you from negative energy.
   It lets you turn invisible.
   It lets you go berserk.
   It has a curse placed upon it.
 A - a cursed ring of sustain abilities (right hand)
 K - an amulet of conservation (around neck)
Potions
 e - 2 potions of restore abilities
 f - 3 potions of curing
 s - a potion of berserk rage {unknown}
 v - a potion of brilliance
 x - a potion of magic
 z - 2 potions of invisibility
 C - a potion of might
 G - a potion of poison {unknown}
 P - a potion of agility {unknown}
Books
 a - a book of Minor Magic

   Spells                             Type                      Level
   *Magic Dart                        Conjuration                  1
   *Blink                             Translocation                2
   *Call Imp                          Summoning                    2
   *Repel Missiles                    Charms/Air                   2
   Slow                               Hexes                        2
   *Conjure Flame                     Conjuration/Fire             3
   *Mephitic Cloud                    Conjuration/Poison/Air       3
 m - a book of Frost

   Spells                             Type                      Level
   Freeze                             Ice                          1
   Throw Frost                        Conjuration/Ice              2
   Ozocubu's Armour                   Charms/Ice                   3
   Throw Icicle                       Conjuration/Ice              4
   Summon Ice Beast                   Ice/Summoning                4
   Condensation Shield                Ice                          4
 r - Sif Muna's Tome of Dusty Confrontation {unknown}
   (Sif Muna gifted it to you on level 10 of the Dungeon)

   Spells                             Type                      Level
   *Magic Dart                        Conjuration                  1
   Sandblast                          Earth                        1
   Force Lance                        Conjuration                  2
   Stoneskin                          Transmutation/Earth          2
   Bolt of Draining                   Conjuration/Necromancy       6
   Orb of Destruction                 Conjuration                  7
Magical staves
 t - an uncursed staff of summoning


   Skills:
 - Level 1.0 Fighting
 - Level 8.3 Dodging
 - Level 3.0 Stealth
 - Level 1.9 Unarmed Combat
 - Level 13.0 Spellcasting
 + Level 12.4 Conjurations
 - Level 2.1 Summonings
 - Level 1.0 Poison Magic
 - Level 1.0 Invocations


You had 23 spell levels left.
You knew the following spells:

 Your Spells              Type           Power        Failure   Level  Hunger
a - Magic Dart            Conj           #####        1%          1    None
b - Blink                 Tloc           N/A          12%         2    None
c - Call Imp              Summ           ####......   6%          2    None
d - Mephitic Cloud        Conj/Pois/Air  ####.....    3%          3    None
e - Conjure Flame         Conj/Fire      #####....    1%          3    None
f - Repel Missiles        Chrm/Air       ##........   12%         2    None


Dungeon Overview and Level Annotations

Branches:
Dungeon (11/27)            Temple (0/1) D:7             Orc (0/4) D:7
   Lair (1/8) D:10

Altars:
Ashenzari
Cheibriados
Elyvilon
Fedhas
Kikubaaqudgha
Sif Muna
Trog
Xom
Yredelemnul
Zin
the Shining One

Annotations
D:11 Gastronok


Innate Abilities, Weirdness & Mutations

You can fly.
You have a beak for a mouth.
You have claws for feet.


Message History

Press: ? - help, Dir - move target cursor, f - Gastronok
Aim: Gastronok wearing a wizard hat
Okay, then.
Unknown command.
Gastronok bites you!
Found 13 gold pieces.
Read which item? (? for menu, Esc to quit)
As you read the scroll of teleportation, it crumbles to dust.
You feel strangely unstable.
The griffon bites you but does no damage.
The griffon misses you. The griffon barely misses you.
Unknown command.
Drink which item? (? for menu, Esc to quit)
Okay, then.
Drink which item? (? for menu, Esc to quit)
You feel better. Gastronok bites you!
Ouch! That really hurt!
* * * LOW HITPOINT WARNING * * *
The griffon bites you.
You die...

#.. ...# #... .... ._.
..... ... ..... $.# .
###.# ######.## #.# #.#
#.......# #.# #.#
#.......# #.# ######>#
#....j@.# #.# #......#
#.....H.####.###......#
#.....Z.#.....##......#
#.......#.....##......#
#.......#......§.....§.
#............###......#
#.......###### #......#
######### #......#
#......#


You could see Gastronok, a griffon and a four-headed hydra skeleton.

Vanquished Creatures
  Erolcha (D:9)
  Joseph (D:7)
  A cyclops (D:10)
  An item mimic (D:11)
  A hill giant zombie (D:9)
  2 hill giant skeletons
  Grinder (D:3)
  2 two-headed ogres
  2 trolls (D:9)
  A hungry ghost (D:8)
  A wyvern (D:8)
  9 yaks
  Edmund (D:7)
  A necrophage (D:7)
  A giant goldfish (D:9)
  6 orc warriors
  4 phantoms
  2 ice beasts
  A troll skeleton (D:5)
  A sky beast (D:11)
  4 centaurs
  3 ogres
  A yak skeleton (D:10)
  Sigmund (D:5)
  Duvessa (D:7)
  3 big kobolds
  A water moccasin (D:8)
  2 giant frog skeletons
  8 giant frogs
  21 killer bees
  5 wights (D:6)
  An electric eel (D:9)
  2 big kobold zombies
  Dowan (D:7)
  7 hounds
  7 crimson imps
  A shadow (D:10)
  A gnoll shaman (D:6)
  3 iguanas
  8 orc priests
  4 worker ants
  A deep elf soldier (D:10)
  12 orc wizards
  3 scorpions
  A worker ant zombie (D:8)
  Ijyb (D:6)
  4 jellies
  A mummy (D:11)
  11 gnolls
  21 adders
  3 green rats (D:10)
  An adder skeleton (D:5)
  A giant centipede zombie (D:5)
  2 giant mites
  An iguana skeleton (D:10)
  4 worms
  2 bat zombies
  A giant eyeball (D:11)
  11 giant geckos
  2 oozes
  59 orcs
  24 bats
  18 goblins
  20 hobgoblins
  12 jackals
  8 quokkas
  11 giant cockroaches
  7 giant newts
  2 giant spores
  31 kobolds
  A kobold skeleton (D:5)
  4 orc zombies
  26 rats
  A rat zombie (D:6)
  11 ballistomycetes
443 creatures vanquished.

Vanquished Creatures (collateral kills)
  A killer bee (D:8)
  An adder (D:6)
2 creatures vanquished.

Vanquished Creatures (others)
  A hill giant skeleton (D:9)
  A wraith (D:11)
  3 crimson imps
  A big fish (D:9)
  A green rat (D:10)
  3 white imps
  3 orcs (D:8)
  A goblin (D:3)
  4 rats
  A fungus (D:10)
19 creatures vanquished.

Grand Total: 464 creatures vanquished

Notes
Turn   | Place    | Note
--------------------------------------------------------------
     0 | D:1      | Elynae, the Tengu Wanderer, began the quest for the Orb.
     0 | D:1      | Reached XP level 1. HP: 11/11 MP: 3/3
     5 | D:1      | Learned a level 1 spell: Magic Dart
   350 | D:1      | Reached skill level 1 in Unarmed Combat
   622 | D:1      | Reached XP level 2. HP: 13/16 MP: 0/6
   848 | D:1      | Reached skill level 1 in Conjurations
  1359 | D:1      | Reached XP level 3. HP: 12/20 MP: 2/8
  1850 | D:2      | Learned a level 2 spell: Blink
  1853 | D:2      | Learned a level 2 spell: Call Imp
  1857 | D:2      | Learned a level 3 spell: Mephitic Cloud
  2193 | D:2      | Reached XP level 4. HP: 21/24 MP: 3/10
  2981 | D:2      | Reached skill level 5 in Conjurations
  3188 | D:2      | Found a deep blue altar of Sif Muna.
  3326 | D:2      | Became a worshipper of Sif Muna the Loreminder
  3484 | D:2      | Reached XP level 5. HP: 28/28 MP: 11/13
  3517 | D:2      | Found a bloodstained altar of Trog.
  3776 | D:3      | Found a glowing golden altar of the Shining One.
  3973 | D:3      | Found a basalt altar of Yredelemnul.
  3988 | D:3      | Noticed Grinder
  4199 | D:4      | Reached skill level 6 in Conjurations
  4344 | D:4      | Reached skill level 1 in Summonings
  4383 | D:5      | Entered Level 5 of the Dungeon
  4442 | D:5      | Reached XP level 6. HP: 33/33 MP: 10/15
  5026 | D:5      | Learned a level 3 spell: Conjure Flame
  5028 | D:5      | Reached skill level 7 in Conjurations
  5130 | D:5      | Acquired Sif Muna's first power
  5281 | D:5      | Noticed Sigmund
  5294 | D:5      | Killed Sigmund
  5294 | D:5      | Reached skill level 8 in Conjurations
  5294 | D:5      | Reached XP level 7. HP: 37/37 MP: 6/17
  5374 | D:5      | wow
  5716 | D:5      | Reached skill level 9 in Conjurations
  6031 | D:4      | Noticed an ogre
  6038 | D:4      | Killed an ogre
  6156 | D:4      | Acquired Sif Muna's second power
  6184 | D:4      | Reached skill level 10 in Conjurations
  6444 | D:4      | Reached XP level 8. HP: 24/43 MP: 1/19
  7616 | D:3      | Paralysed by Grinder for 5 turns
  7854 | D:3      | Killed Grinder
  7854 | D:3      | Reached skill level 11 in Conjurations
  8396 | D:6      | Reached skill level 1 in Dodging
  9713 | D:6      | Reached skill level 5 in Spellcasting
 10042 | D:6      | Reached XP level 9. HP: 47/47 MP: 15/22
 10055 | D:6      | Reached XP level 8. HP: 33/43 MP: 12/20
 10107 | D:6      | Noticed Ijyb
 10602 | D:7      | Reached XP level 9. HP: 47/47 MP: 17/22
 10714 | D:7      | Noticed Joseph
 10733 | D:7      | Killed Joseph
 11505 | D:7      | Found a staircase to the Ecumenical Temple.
 11707 | D:7      | Noticed Edmund
 11928 | D:7      | Killed Edmund
 12097 | D:7      | Reached skill level 5 in Dodging
 12258 | D:7      | Found a staircase to the Orcish Mines.
 12434 | D:7      | Noticed Duvessa
 12434 | D:7      | Noticed Dowan
 12451 | D:7      | Killed Duvessa
 12458 | D:7      | Killed Dowan
 12492 | D:7      | Found a shimmering altar of Xom.
 12870 | D:6      | Found an ancient bone altar of Kikubaaqudgha.
 13047 | D:6      | Found a shattered altar of Ashenzari.
 13063 | D:6      | Killed Ijyb
 13226 | D:8      | Reached XP level 10. HP: 48/52 MP: 18/26
 13569 | D:8      | Acquired Sif Muna's third power
 15514 | D:9      | Reached skill level 10 in Spellcasting
 15581 | D:9      | Found a white marble altar of Elyvilon.
 16090 | D:9      | Found a blossoming altar of Fedhas.
 16133 | D:9      | Found a white marble altar of Elyvilon.
 16951 | D:9      | Noticed Erolcha
 16968 | D:9      | Killed Erolcha
 16968 | D:9      | Reached XP level 11. HP: 43/56 MP: 16/30
 17354 | D:10     | Entered Level 10 of the Dungeon
 17655 | D:10     | Found a staircase to the Lair.
 17664 | D:10     | Got a vibrating platinum ring
 17670 | D:10     | Identified the cursed ring "Throasab" {+Rage +Inv rF- rN+ EV-2 Dam-3} (You found it on level 10 of the Dungeon)
 17731 | D:10     | Learned a level 2 spell: Repel Missiles
 18339 | D:10     | Found a glowing silver altar of Zin.
 18536 | D:10     | Reached skill level 12 in Spellcasting
 18539 | D:10     | Received a gift from Sif Muna
 18730 | D:10     | Got a graven book {god gift}
 19244 | Lair:1   | Entered Level 1 of the Lair of Beasts
 19799 | D:11     | Noticed Gastronok
 19947 | D:11     | Reached skill level 13 in Spellcasting
 20012 | D:11     | Paralysed by a giant eyeball for 2 turns
 20678 | D:11     | Found a snail-covered altar of Cheibriados.
 20681 | D:11     | HP: 1/56 [Gastronok (32)]
 20681 | D:11     | Slain by a griffon

Action                   |  1- 3 |  4- 6 |  7- 9 | 10-12 || total
-------------------------+-------+-------+-------+-------++-------
Melee: Dagger            |    28 |       |       |       ||    28
       Spear             |    10 |     6 |       |       ||    16
       Unarmed           |       |    40 |       |       ||    40
       Scythe            |       |       |    24 |    71 ||    95
 Cast: Magic Dart        |    98 |   170 |   587 |   875 ||  1730
       Call Imp          |       |     3 |    30 |     6 ||    39
       Mephitic Cloud    |       |     2 |    17 |    39 ||    58
       Conjure Flame     |       |     2 |     6 |    46 ||    54
       Blink             |       |       |     5 |    12 ||    17
       Repel Missiles    |       |       |       |     1 ||     1
 Abil: Fly               |       |       |     1 |     1 ||     2
Evoke: Wand              |       |       |       |     9 ||     9
  Use: Scroll            |       |     9 |    10 |    14 ||    33
       Potion            |       |     4 |       |     7 ||    11
 Stab: Sleeping          |       |     1 |       |       ||     1
       Confused          |       |     1 |     2 |     2 ||     5
